 Dungeon Crawl Stone Soup version 0.21.1-1-g345015f (webtiles) character file.

371 letownia2 the Conjurer (level 6, -4/32 HPs)
             Began as a Gargoyle Wizard on Feb 13, 2018.
             Was an Initiate of Vehumet.
             Slain by a slave (7 damage)
             ... led by Pikel
             ... on level 5 of the Dungeon.
             The game lasted 00:09:04 (1388 turns).

letownia2 the Conjurer (Gargoyle Wizard)            Turns: 1388, Time: 00:09:06

Health: -4/32      AC:  9    Str: 10    XL:     6   Next: 71%
Magic:  3/11       EV: 11    Int: 21    God:    Vehumet [......]
Gold:   139        SH:  0    Dex:  8    Spells: 2/11 levels left

rFire    . . .     SeeInvis .   f - +0 short sword
rCold    . . .     Gourm    .   (no shield)
rNeg     + . .     Faith    .   j - +0 leather armour
rPois    ∞         Spirit   .   r - +0 helmet
rElec    +         Reflect  .   (no cloak)
rCorr    .         Harm     .   h - +0 pair of gloves (curse)
MR       .....                  (no boots)
Stlth    +.........             (no amulet)
HPRegen  0.10/turn              (no ring)
MPRegen  0.12/turn              (no ring)

@: no status effects
A: negative energy resistance 1, electricity resistance, unbreathing,
petrification resistance, rot immunity, AC +4
a: Renounce Religion


You were on level 5 of the Dungeon.
You worshipped Vehumet.
Vehumet was noncommittal.
You were not hungry.

You visited 2 branches of the dungeon, and saw 6 of its levels.

You collected 139 gold pieces.

Inventory:

Hand Weapons
 e - a +0 morningstar
 f - a +0 short sword (weapon)
 i - a +0 scimitar
 o - a +0 blowgun
Missiles
 m - 2 tomahawks (quivered)
 n - 17 poisoned needles
 x - 6 curare-tipped needles
Armour
 a - a +0 robe
 b - a +0 hat
 h - a cursed +0 pair of gloves (worn)
 j - a +0 leather armour (worn)
 r - a +0 helmet (worn)
 s - the +2 robe of Tuosink {MR+ MP-9 SInv}
   (You found it on level 4 of the Dungeon)

   It affects your resistance to hostile enchantments.
   It affects your magic capacity (-9).
   It lets you see invisible.
Wands
 p - a wand of random effects (29)
Scrolls
 g - a scroll of identify {unknown}
 k - a scroll of enchant weapon {unknown}
 q - 2 scrolls of fog {unknown}
 u - a scroll of remove curse {unknown}
 w - a scroll of random uselessness {unknown}
Potions
 l - a potion of lignification {unknown}
 t - a potion of curing {unknown}
Books
 c - a book of Minor Magic

   Spells                             Type                      Level
   a - Magic Dart                     Conjuration                  1
   b - Blink                          Translocation                2
   c - Call Imp                       Summoning                    2
   d - Slow                           Hexes                        2
   e - Conjure Flame                  Conjuration/Fire             3
   f - Mephitic Cloud                 Conjuration/Poison/Air       3
Comestibles
 d - 6 rations
 v - a chunk of flesh


   Skills:
 - Level 1.5 Dodging
 - Level 2.1 Stealth
 + Level 3.4 Spellcasting
 - Level 4.4 Conjurations
   Level 0.8 Summonings
 - Level 0.8 Translocations
 + Level 2.4 Fire Magic
 + Level 2.0 Air Magic
 + Level 2.5 Poison Magic


You had 2 spell levels left.
You knew the following spells:

 Your Spells              Type           Power        Failure   Level  Hunger
a - Magic Dart            Conj           ###.         2%          1    None
b - Blink                 Tloc           N/A          19%         2    ##.....
c - Conjure Flame         Conj/Fire      ###.....     12%         3    ###....
e - Mephitic Cloud        Conj/Pois/Air  ###.....     16%         3    ###....


Dungeon Overview and Level Annotations

Branches:
Dungeon (5/15)             Temple (1/1) D:4

Altars:
Ashenzari
Fedhas
Ru
Trog
Vehumet
Wu Jian

Shops:
D:5 [


Innate Abilities, Weirdness & Mutations

You are resistant to torment.
Your stone body is resilient. (AC +4)
You are immune to poison.
You resist negative energy. (rN+)
You are resistant to electric shocks. (rElec)
You can survive without breathing.
You are immune to petrification.
You are immune to rotting.


Message History

Unknown command.
Unknown command.
The slave barely misses you. The kobold hits you but does no damage.
There is a sacrificial altar of Ru here.
Unknown command.
Press < or > to pray at altars.
Unknown command.
Press < or > to pray at altars.
You see here a giant cockroach corpse.
There is an open door here.
Casting: Magic Dart
Confirm with . or Enter, or press ? or * to list all spells.
Aiming: Mephitic Cloud
Press: ? - help, Shift-Dir - straight line, f - slave
Aim: a slave, wearing an animal skin The ball explodes into a vile cloud!
The stinking cloud engulfs the slave.
The stinking cloud engulfs you!
The stinking cloud engulfs the kobold.
You hear a shout! x2
The slave is engulfed in noxious fumes.
The slave hits you!
You die...

..# .## .# #...#...#
..# ... .. #...#...#
..# #.####.# #.......#
.## #......# ###._.###
## ###..# ###.......# #
##....## #.#.†.#..)# #
##..##..# #§#K..#...# #
#..####.# ##.p#######'.
###.#####.#####.@§§...#
...
....###.....#.....#####
...
∩..................#
...
#####(......<.......#
###.................#
..(.#......#####.....#
.####....### ###....#
#####....# ..#..
.........# ..


You could see a slave and a kobold.

Vanquished Creatures
  An ogre (D:4)
  A centaur (D:5)
  A scorpion (D:4)
  An orc wizard (D:5)
  A hound (D:4)
  An iguana (D:5)
  An adder (D:2)
  2 howler monkey skeletons
  A shadow imp (D:5)
  An ooze (D:5)
  A dart slug (D:2)
  2 leopard geckos
  2 orcs (D:3)
  A giant cockroach (D:5)
  4 hobgoblins
  4 kobolds
  2 quokkas
  2 bats
  2 frilled lizards
  12 goblins
  2 rats (D:3)
45 creatures vanquished.

Notes
Turn   | Place    | Note
-------+----------+-------------------------------------------
     0 | D:1      | letownia2 the Gargoyle Wizard began the quest for the Orb.
     0 | D:1      | Reached XP level 1. HP: 10/10 MP: 4/4
    70 | D:2      | Reached skill level 2 in Conjurations
    78 | D:2      | Reached XP level 2. HP: 12/15 MP: 0/6
   306 | D:2      | Reached skill level 3 in Conjurations
   306 | D:2      | Reached XP level 3. HP: 18/19 MP: 2/7
   330 | D:3      | Learned a level 3 spell: Mephitic Cloud
   334 | D:3      | Learned a level 3 spell: Conjure Flame
   582 | D:4      | Noticed a scorpion
   596 | D:4      | Killed a scorpion
   596 | D:4      | Reached XP level 4. HP: 18/24 MP: 2/8
   650 | D:4      | Noticed an ogre
   658 | D:4      | Reached skill level 1 in Poison Magic
   660 | D:4      | Killed an ogre
   660 | D:4      | Reached skill level 4 in Conjurations
   660 | D:4      | Reached skill level 1 in Fire Magic
   660 | D:4      | Reached skill level 1 in Air Magic
   660 | D:4      | Reached XP level 5. HP: 25/28 MP: 4/9
   695 | D:4      | Learned a level 2 spell: Blink
   759 | D:4      | Found a staircase to the Ecumenical Temple.
   761 | D:4      | Got an opalescent robe
   773 | D:4      | Identified the +2 robe of Tuosink {MR+ MP-9 SInv} (You found it on level 4 of the Dungeon)
   819 | Temple   | Entered the Ecumenical Temple
   880 | Temple   | Became a worshipper of Vehumet
  1136 | D:5      | Entered Level 5 of the Dungeon
  1150 | D:5      | Found a blossoming altar of Fedhas.
  1176 | D:5      | Reached XP level 6. HP: 32/32 MP: 8/10
  1232 | D:5      | Found Higoitru's Antique Armour Shoppe.
  1354 | D:5      | Found a sacrificial altar of Ru.
  1371 | D:5      | Noticed a slave
  1379 | D:5      | Noticed a slave
  1388 | D:5      | Slain by a slave

Skill      XL: |  1  2  3  4  5  6 |
---------------+-------------------+-----
Conjurations   | 2 3 4 |  4.4
Poison Magic   | 1 2 |  2.5
Fire Magic     | 1 2 |  2.4
Air Magic      | 1 2 |  2.0
Dodging        | |  1.5
Stealth        | |  2.1
Spellcasting   | |  3.4
Summonings     | |  0.8
Translocations | |  0.8

Action                   |  1- 3 |  4- 6 || total
-------------------------+-------+-------++-------
Melee: Unarmed           |    10 |       ||    10
       Short sword       |    31 |    81 ||   112
Throw: Tomahawk          |     5 |     2 ||     7
 Cast: Magic Dart        |    42 |    20 ||    62
       Mephitic Cloud    |     1 |     5 ||     6
Evoke: Wand              |     3 |     1 ||     4
 Stab: Confused          |     1 |     1 ||     2
       Paralysed         |       |     2 ||     2
  Eat: Chunk             |       |     2 ||     2
Armor: Robe              |    20 |     5 ||    25
       Leather armour    |       |    39 ||    39
Dodge: Dodged            |    47 |    59 ||   106
